 Dungeon Crawl Stone Soup version 0.28.0-1-gb440e238dd (webtiles) character file.

Game seed: 9972690343815522401

178 sanka the Conjurer (level 5, 0/38 HPs)
             Began as a Merfolk Conjurer on Feb 22, 2022.
             Slain by a worm (4 damage)
             ... on level 3 of the Dungeon.
             The game lasted 00:04:18 (3121 turns).

sanka the Conjurer (Merfolk Conjurer)               Turns: 3121, Time: 00:04:18

Health: 0/38       AC:  3    Str:  7    XL:     5   Next: 58%
Magic:  3/8        EV: 13    Int: 17    God:
Gold:   46         SH:  0    Dex: 15    Spells: 5/8 levels left

rFire   + . .      SeeInvis .   f - +1 short sword (venom)
rCold   + . .      Faith    .   (no shield)
rNeg    . . .      Spirit   .   a - +0 robe
rPois   +          Reflect  .   m - +0 helmet
rElec   +          Harm     .   (no cloak)
rCorr   +          Rampage  .   (no gloves)
Will    .....                   (no boots)
Stlth   ++........              (no amulet)
HPRegen 0.12/turn               (no ring)
MPRegen 0.11/turn               (no ring)

@: resistant, hasted (expiring), very quick
A: (nimble swimmer 2), mertail
a: no special abilities


You were on level 3 of the Dungeon.
You visited 1 branch of the dungeon, and saw 3 of its levels.

You collected 46 gold pieces.

Inventory:

Hand Weapons
 c - a +0 dagger of venom
 e - a +0 dagger
 f - a +1 short sword of venom (weapon)
Armour
 a - a +0 robe (worn)
 m - a +0 helmet (worn)
Scrolls
 b - a scroll of vulnerability {unknown}
 g - 2 scrolls of noise {unknown}
 h - 2 scrolls of enchant weapon {unknown}
 i - a scroll of torment {unknown}
 j - a scroll of blinking {unknown}
Potions
 k - a potion of resistance


   Skills:
 + Level 1.9 Fighting
 + Level 3.7 Dodging
 - Level 2.1 Stealth
 - Level 2.0 Spellcasting
 - Level 5.0 Conjurations


You had 5 spell levels left.
You knew the following spells:

 Your Spells              Type           Power      Damage    Failure   Level
a - Magic Dart            Conj           72%        1d6       2%          1
b - Searing Ray           Conj           36%        2d5       3%          2

Your spell library contained the following spells:

 Spells                   Type           Power      Damage    Failure   Level
 Dazzling Flash           Conj/Hex       20%        N/A       21%         3
 Fulminant Prism          Conj/Hex       5%         3d7       56%         4
 Iskenderun's Mystic Bla  Conj/Tloc      10%        2d4       56%         4


Dungeon Overview and Level Annotations

Branches:
Dungeon (3/15)

Altars:

Shops:
D:2 =

Annotations:
D:2 Grinder


Innate Abilities, Weirdness & Mutations

((You are very nimble when in or above water. (Stealth+, EV+, Speed+++)))
Your lower body shifts to a powerful aquatic tail in water.


Message History

Grinder gestures at you.
You suddenly lose the ability to move!
Grinder hits you! x2
You writhe in agony.
* * * LOW HITPOINT WARNING * * *
Grinder blinks!
You can move again.
Unknown command.
Unknown command.
Unknown command.
Grinder blinks!
Grinder gestures at you.
You barely resist. Grinder gestures at you. Pain shoots through your body!
* * * LOW HITPOINT WARNING * * *
Things that are here:
a +0 animal skin; a +0 mace
Items here: ( ))) †.
There is a stone staircase leading down here.
You climb downwards.
The endoplasm freezes you.
You are frozen.
You resist.
* * * LOW HITPOINT WARNING * * *
There is a stone staircase leading up, spattered with blood here.
Unknown command.
You hit the endoplasm.
The endoplasm is almost dead.
You hit the endoplasm but do no damage.
The endoplasm is almost dead.
Your extra speed is starting to run out.
The endoplasm freezes you.
You are frozen.
You resist.
* * * LOW HITPOINT WARNING * * *
You hit the endoplasm.
You kill the endoplasm!
You hit the worm.
The worm is lightly wounded.
The worm bites you.
You die...

# #..##### ##.....#
###.##.###.##########
#<.g# #.w@<..>...#
#..gg.# #....).......
#ggg..##)............
#gg....).............
#...#.##.............
#....................
###..###.............
..# ##............


You could see a worm.

Vanquished Creatures
  A necrophage (D:2)
  Robin (D:2)
  2 adders (D:2)
  A worm (D:2)
  6 bats
  4 endoplasms
  2 giant cockroaches
  14 goblins
  4 hobgoblins
  2 jackals (D:2)
  A quokka (D:2)
  5 ball pythons
  2 frilled lizards (D:1)
  8 kobolds
  3 rats
56 creatures vanquished.

Vanquished Creatures (others)
  3 plants (D:2)
3 creatures vanquished.

Grand Total: 59 creatures vanquished

Notes
Turn   | Place    | Note
-------+----------+-------------------------------------------
     0 | D:1      | sanka the Merfolk Conjurer began the quest for the Orb.
     0 | D:1      | Reached XP level 1. HP: 13/13 MP: 3/3
   384 | D:1      | Reached XP level 2. HP: 19/19 MP: 1/5
   387 | D:1      | Learned a level 2 spell: Searing Ray
  1091 | D:2      | Found Tadwoizoes's Jewellery Shop.
  1099 | D:2      | Reached skill level 4 in Conjurations
  1167 | D:2      | Reached XP level 3. HP: 24/24 MP: 1/6
  1668 | D:2      | Reached XP level 4. HP: 30/30 MP: 2/7
  2310 | D:3      | Noticed Robin
  2672 | D:3      | Noticed a necrophage
  2698 | D:2      | Killed a necrophage
  2699 | D:2      | Reached skill level 5 in Conjurations
  2699 | D:2      | Reached skill level 1 in Fighting
  2699 | D:2      | Reached XP level 5. HP: 18/37 MP: 1/8
  2937 | D:2      | Killed Robin
  3080 | D:3      | Noticed Grinder
  3102 | D:2      | Paralysed by Grinder for 3 turns
  3121 | D:3      | Slain by a worm

Illustrated notes

Levels and vault maps discovered:
D:1:      beargit_arrival_diablo_church, layout_loops_ring
D:2:      layout_loops_corners, serial_shops, nicolae_shop_stone,
          grunt_ministairs_1, guppyfry_early_lair_pool
D:3:      layout_rooms, shapermc_ecumenical_altar_totnotflames,
          kennysheep_generic_room_9, uniq_crazy_yiuf_cottage, uniq_robin,
          uniq_grinder

Skill      XL: |  1  2  3  4 |
---------------+-------------+-----
Conjurations   | 4 5 |  5.0
Fighting       | 1 |  1.9
Dodging        | 3 |  3.7
Stealth        | |  2.1
Spellcasting   | |  2.0

Action                   |  1- 3 |  4- 6 || total
-------------------------+-------+-------++-------
Melee: Short sword       |    16 |    37 ||    53
       Punch             |       |     2 ||     2
 Cast: Magic Dart        |    63 |    20 ||    83
       Searing Ray       |       |     4 ||     4
  Use: Potion            |       |     3 ||     3
Armor: Robe              |     2 |    15 ||    17
Dodge: Dodged            |     8 |    36 ||    44
